 Dungeon Crawl Stone Soup version 0.23-a0-767-gdc19b93d68 (webtiles) character file.

1124 Flugslaktarn the Cleaver (level 8, -1/64 HPs)
             Began as a Minotaur Fighter on Jan 28, 2019.
             Killed from afar by Ijyb (10 damage)
             ... with a wand of acid (10)
             ... on level 5 of the Dungeon.
             The game lasted 00:01:54 (2897 turns).

Flugslaktarn the Cleaver (Minotaur Fighter)         Turns: 2897, Time: 00:01:54

Health: -1/64      AC: -1    Str: 23    XL:     8   Next: 13%
Magic:  7/7        EV:  7    Int:  5    God:
Gold:   149        SH: 11    Dex: 10    Spells: 7/7 levels left

rFire    . . .     SeeInvis .   r - +2 hand axe (elec)
rCold    . . .     Gourm    .   c - +0 shield
rNeg     . . .     Faith    .   b - +0 scale mail
rPois    .         Spirit   .   (helmet restricted)
rElec    .         Reflect  +   (no cloak)
rCorr    .         Harm     .   (no gloves)
MR       .....                  (no boots)
Stlth    +.........             h - +2 amulet of reflection
HPRegen  0.20/turn              e - ring of stealth
MPRegen  0.10/turn              (no ring)

@: corroded
A: retaliatory headbutt, horns 2
a: no special abilities


You were on level 5 of the Dungeon.
You were not hungry.

You visited 1 branch of the dungeon, and saw 5 of its levels.

You collected 149 gold pieces.

Inventory:

Hand Weapons
 a - a +0 war axe
 r - a +2 hand axe of electrocution (weapon)
Armour
 b - a +0 scale mail (worn)
 c - a +0 shield (worn)
Jewellery
 e - a ring of stealth (left hand)
 h - a +2 amulet of reflection (around neck)
 v - a cursed -2 ring of strength {unknown}
Wands
 p - a wand of iceblast (6) {@v4}
 w - a wand of acid (8) {@v2}
Scrolls
 g - a scroll of remove curse {unknown}
 i - a scroll of fear {unknown}
 k - 2 scrolls of enchant weapon {unknown}
 o - a scroll of immolation {unknown}
 s - a scroll of identify {unknown}
 t - a scroll of teleportation {unknown}
Potions
 d - a potion of might {@q4}
 j - a potion of ambrosia {unknown}
 l - a potion of cancellation {unknown}
 m - a potion of curing {unknown}
 n - a potion of agility {unknown}
 q - a potion of haste {unknown}
 x - a potion of lignification {unknown}
Comestibles
 f - 5 rations {@e1}
 u - a chunk of flesh


   Skills:
 - Level 3.6 Fighting
 + Level 11.5 Axes
 - Level 3.6 Armour
 - Level 3.6 Shields


You had 7 spell levels left.
You didn't know any spells.
Your spell library was empty.

Dungeon Overview and Level Annotations

Branches:
Dungeon (5/15)
 Temple: D:4-7

Altars:

Annotations:
D:5 Ijyb


Innate Abilities, Weirdness & Mutations

You reflexively headbutt those who attack you in melee.
You have a pair of horns on your head.


Message History

f - 5 rations {@e1} (gained 1) Eating one of 2 chunks of flesh.
You eat one of the 2 chunks of flesh.
This raw flesh tastes terrible.
You open the door.
There is an open door here.
You now have 149 gold pieces (gained 16).
Ijyb the Twisted Goblin comes into view.
She is carrying a wand of acid (12).
Ijyb shouts!
Ijyb zaps a wand.
The bolt of acid hits you! The acid corrodes you!
You are splashed with acid!
The acid burns!
Ijyb is nearby!
Ijyb screams, "Die!"
Ijyb zaps a wand.
The bolt of acid hits you!
* * * LOW HITPOINT WARNING * * *
The acid corrodes you!
You are splashed with acid!
The acid burns!
* * * LOW HITPOINT WARNING * * *
You are too injured to fight recklessly!
Unknown command.
You hit Ijyb but do no damage.
Ijyb zaps a wand.
The bolt of acid hits you!
You die...

# ###.#########
.#
...........######
.
#..#...........#
.
##.......#@####.#
. ...#...##g# #
#.##.###.# #
#........# #
####.##### ##
##'## .## ##...##
#.## ##.....##
##.## ##.....<.##


You could see Ijyb.

Vanquished Creatures
  Prince Ribbit (D:5)
  2 sky beasts (D:5)
  3 ogres
  2 bullfrogs
  2 crimson imps (D:5)
  2 hounds
  A bullfrog skeleton (D:5)
  A centaur skeleton (D:4)
  An orc wizard (D:4)
  A worker ant (D:5)
  Robin (D:3)
  An adder zombie (D:5)
  2 oozes
  2 adder skeletons (D:4)
  7 worms
  3 dart slugs
  A leopard gecko (D:4)
  7 orcs
  A bat (D:3)
  3 giant cockroaches
  9 goblins (D:3)
  4 hobgoblins
  2 jackals (D:5)
  3 kobolds (D:3)
  4 quokkas
  5 frilled lizards
  A giant cockroach zombie (D:5)
  A quokka skeleton (D:4)
  A rat (D:3)
74 creatures vanquished.

Notes
Turn   | Place    | Note
-------+----------+-------------------------------------------
     0 | D:1      | Flugslaktarn the Minotaur Fighter began the quest for the
                  | Orb.
     0 | D:1      | Reached XP level 1. HP: 19/19 MP: 0/0
     3 | D:1      | Noticed an electric eel
     8 | D:1      | Noticed an electric eel
   112 | D:2      | Reached skill level 3 in Axes
   119 | D:2      | Reached XP level 2. HP: 22/26 MP: 1/1
   362 | D:3      | Reached skill level 4 in Axes
   386 | D:3      | Noticed Robin
   390 | D:3      | Reached XP level 3. HP: 24/31 MP: 2/2
   395 | D:3      | Killed Robin
   582 | D:3      | Reached skill level 5 in Axes
   631 | D:3      | Reached XP level 4. HP: 38/39 MP: 3/3
   875 | D:4      | Reached skill level 6 in Axes
   988 | D:4      | Reached XP level 5. HP: 42/45 MP: 4/4
  1030 | D:4      | Noticed an ogre
  1035 | D:4      | Killed an ogre
  1035 | D:4      | Reached skill level 7 in Axes
  1403 | D:4      | Noticed an ogre
  1408 | D:4      | Killed an ogre
  1408 | D:4      | Reached skill level 8 in Axes
  1408 | D:4      | Reached XP level 6. HP: 51/51 MP: 5/5
  1723 | D:5      | Entered Level 5 of the Dungeon
  1828 | D:5      | Reached skill level 9 in Axes
  1833 | D:5      | Reached XP level 7. HP: 50/57 MP: 6/6
  2179 | D:5      | Noticed Prince Ribbit
  2242 | D:5      | Killed Prince Ribbit
  2242 | D:5      | Reached skill level 10 in Axes
  2628 | D:5      | Reached skill level 11 in Axes
  2762 | D:5      | Reached XP level 8. HP: 64/64 MP: 7/7
  2895 | D:5      | Noticed Ijyb
  2897 | D:5      | Killed from afar by Ijyb

Vault maps used:
D:1:      arrival_aquarium_b, dk_noncrumbling_3
D:2:      cheibrodos_fertilizer, lemuel_round_altar,
          makhleb_blood_cavern_becter, hangedman_decor_clover_reticule,
          uniq_terence, uniq_sigmund
D:3:      minmay_misc_feat_tiny, uniq_robin
D:4:      first_ration
D:5:      led_sif_pool, uniq_prince_ribbit1, uniq_crazy_yiuf_cottage,
          uniq_menkaure, uniq_ijyb

Skill      XL: |  1  2  3  4  5  6  7 |
---------------+----------------------+-----
Axes           | 3 4 5 6 8 9 11 | 11.5
Fighting       | |  3.6
Armour         | |  3.6
Shields        | |  3.6

Action                   |  1- 3 |  4- 6 |  7- 9 || total
-------------------------+-------+-------+-------++-------
Melee: War axe           |    56 |    71 |    55 ||   182
       Headbutt          |    11 |    17 |     6 ||    34
       Hand axe          |       |       |    32 ||    32
Evoke: Wand              |       |       |     2 ||     2
  Eat: Chunk             |       |     2 |     5 ||     7
Armor: Scale mail        |    20 |    16 |    25 ||    61
Dodge: Dodged            |    12 |    10 |     8 ||    30
Block: Shield            |    33 |    35 |    38 ||   106
       Reflection        |       |     1 |       ||     1

Table legend:
 A = Non-vault XP
 B = Vault XP
 C = Vault XP percentage of total XP
 D = Non-vault monster count
 E = Vault monster count
 F = Vault count percentage of total count
                 A         B        C        D         E       F
            +---------+---------+-------+---------+---------+-------
      Total |    1285 |     322 |  20.0 |      61 |      13 |  17.6
            +---------+---------+-------+---------+---------+-------
        D:1 |       3 |       0 |   0.0 |       2 |       0 |   0.0
        D:2 |      22 |       0 |   0.0 |       7 |       0 |   0.0
        D:3 |      41 |      36 |  46.8 |      14 |      12 |  46.2
        D:4 |     489 |       0 |   0.0 |      17 |       0 |   0.0
        D:5 |     730 |     286 |  28.1 |      21 |       1 |   4.5
            +---------+---------+-------+---------+---------+-------
